 Dungeon Crawl Stone Soup version 0.31-a0-544-gceb718ecc6 (webtiles) character file.

Game seed: 1827315943226856442

87 avis the Ruffian (level 4, -1/36 HPs)
             Began as a Demigod Shapeshifter on Aug 16, 2023.
             Slain by Sigmund
             ... wielding a +0 scythe
              (11 damage)
             ... on level 2 of the Dungeon.
             The game lasted 00:08:05 (1363 turns).

avis the Ruffian (Demigod Shapeshifter)             Turns: 1363, Time: 00:08:05

Health: -1/36      AC:  5    Str: 20    XL:     4   Next: 7%
Magic:  6/6        EV:  9    Int: 16    God:
Gold:   166        SH:  7    Dex: 14    Spells: 3/3 levels left

rFire   . .          .
                       - Unarmed
rCold   . . .        e - +0 kite shield
rNeg    . . .        p - +0 ring mail
rPois   .            (helmet currently unavailable)
rElec   .            r - melded +2 cloak
rCorr   .            (gloves currently unavailable)
SInv    .            (boots currently unavailable)
Will    .....        (no amulet)
Stlth   +            g - +6 ring of intelligence
HPRegen 0.26/turn    (no ring)
MPRegen 0.10/turn

%: no passive effects
@: beast-form
A: beast (slay +2), high MP 1, forlorn, divine attributes
a: Begin Untransformation


You were on level 2 of the Dungeon.
You were a hulking beast.
You visited 1 branch of the dungeon, and saw 2 of its levels.

You collected 166 gold pieces.

Inventory:

Hand Weapons
 b - a +3 quarterstaff of chaos
Armour
 e - a +0 kite shield (worn)
 p - a +0 ring mail (worn)
 q - a +0 leather armour of willpower
 r - a +2 cloak (melded)
Magical Staves
 s - a staff of earth
Jewellery
 g - a +6 ring of intelligence (left hand)
Talismans
 a - a beast talisman (active)
 c - a beast talisman (active)
 d - a flux talisman
Scrolls
 h - a scroll of fog {unknown}
 j - 2 scrolls of teleportation {unknown}
 k - a scroll of revelation {unknown}
 l - a scroll of poison {unknown}
 m - a scroll of identify {unknown}
Potions
 f - a potion of curing
 i - a potion of cancellation {unknown}
 n - a potion of degeneration {unknown}
 o - 2 potions of magic {unknown}


   Skills:
 + Level 1.6 Fighting
 - Level 1.7 Dodging
 * Level 4.1 Unarmed Combat
 - Level 3.0 Shapeshifting


You had 3 spell levels left.
You didn't know any spells.
Your spell library was empty.

Dungeon Overview and Level Annotations

Branches:
Dungeon (2/15)

Annotations:
D:2 Sigmund


Innate Abilities, Weirdness & Mutations

You are a hulking beast.
Your limbs bulge with bestial killing power. (Slay +2)
You have an increased reservoir of magic. (+10% MP)
You shall have no god before yourself.
Your divine heritage dramatically boosts your attributes as you level up.


Message History

Sigmund points at you and mumbles some strange words.
The magic dart hits you!
You punch the ball python!
You kill the ball python!
Sigmund points at you and mumbles some strange words.
You resist with some effort.
Sigmund's eyes start glowing with a red light.
You start resting.
Sigmund is nearby!
Sigmund casts a spell at you.
You are confused.
You hit Sigmund.
Sigmund is lightly wounded.
Sigmund closely misses you.
You barely miss Sigmund.
Sigmund is lightly wounded.
Sigmund barely misses you. Sigmund casts a spell at you.
The magic dart hits you.
You bump into the stone wall.
You feel less confused.
Sigmund casts a spell.
Sigmund flickers and vanishes!
Deactivating autopickup; reactivate with Ctrl-A.
You hit something. Something hits you.
You miss something. Something hits you.
You miss something. You barely miss something.
You hear some strange, mumbled words.
A magic dart appears from out of thin air!
The magic dart hits you.
You hear some strange, mumbled words.
A magic dart appears from out of thin air!
The magic dart hits you!
You punch something! Something hits you.
You hit something. You closely miss something. Something hits you!
* * * LOW HITPOINT WARNING * * *
It was a potion of curing.
You feel better. Something hits you!
You die...

###.....#.....###### ##...##.
..).#..............# #......
....#...#.#.+....#.## #.#....
..###......#.#......### #.#....
.##
#............#......###.#....
.# #..............## ....@....
.####...#.#..#.....# #...#...
........#..._...#..# ##..# ...
######.#..#..##.h{.######...###
# ##...#....##..#.#.....@....#
####....#...#....#...##.......#
#.............##..............#
#.......###....##..###..>.....#
#..................# ##.......#
#..................# #.......#
#........######...## ###.#####
#.#####.##......#.....# #.#


There were no monsters in sight!

Vanquished Creatures
  Crazy Yiuf (D:2)
  4 adders
  A dart slug (D:1)
  2 endoplasms (D:1)
  4 quokkas
  3 ball pythons (D:2)
  3 bats
  4 frilled lizards
  2 goblins (D:1)
  2 rats
26 creatures vanquished.

Notes
Turn   | Place    | Note
-------+----------+-------------------------------------------
     0 | D:1      | avis the Demigod Shapeshifter began the quest for the Orb.
     0 | D:1      | Reached XP level 1. HP: 15/15 MP: 3/3
   163 | D:1      | Reached skill level 3 in Unarmed Combat
   270 | D:1      | Reached XP level 2. HP: 22/22 MP: 4/4
   798 | D:2      | Reached skill level 1 in Fighting
   798 | D:2      | Reached XP level 3. HP: 28/28 MP: 5/5
   957 | D:2      | Noticed Sigmund
  1213 | D:2      | Found a runed translucent door.
  1214 | D:2      | Noticed Crazy Yiuf
  1224 | D:2      | Killed Crazy Yiuf
  1225 | D:2      | Reached skill level 4 in Unarmed Combat
  1225 | D:2      | Reached XP level 4. HP: 35/35 MP: 6/6
  1363 | D:2      | Slain by Sigmund

Illustrated notes

Levels and vault maps discovered:
D:1:      minmay_arrival_four_circles, layout_basic
D:2:      layout_rooms, hellmonk_ecumenical_altar_blasted,
          uniq_crazy_yiuf_cottage, uniq_sigmund

Skill      XL: |  1  2  3 |
---------------+----------+-----
Unarmed Combat | 3 4 |  4.1
Shapeshifting  | 3 |  3.0
Fighting       | 1 |  1.6
Dodging        | |  1.7

Action                     |  1- 3 |  4- 6 || total
---------------------------+-------+-------++-------
  Melee: Unarmed           |    84 |    11 ||    95
Ability: Begin Untransform |       |     1 ||     1
    Use: Potion            |     1 |     1 ||     2
 Armour: Animal skin       |     2 |       ||     2
         Leather armour    |    22 |       ||    22
         Skin              |     2 |       ||     2
         Ring mail         |     1 |     1 ||     2
  Dodge: Dodged            |    33 |     3 ||    36
  Block: Kite shield       |    27 |       ||    27
   Form: Beast             |       |     1 ||     1

Table legend: (Time is in decaauts)
 A = Elapsed time spent in this place.
 B = Non-inter-level travel time spent in this place.
 C = Inter-level travel time spent in this place.
 D = Time resting spent in this place.
 E = Time spent auto-exploring this place.
 F = Levels seen in this place.
 G = Mean time per level.
                   A        B        C        D        E       F      G
               +--------+--------+--------+--------+--------+-----+--------+
         Total |   1373 |   1268 |    105 |    268 |    606 |   2 |  686.5 |
       Dungeon |   1373 |   1268 |    105 |    268 |    606 |   2 |  686.5 |
               +--------+--------+--------+--------+--------+-----+--------+

Top non-repeatable levels by time:
     D:1: 842 daAuts
     D:2: 530 daAuts
